 Dungeon Crawl Stone Soup version 0.27-a0-1500-g450c7e4133 (webtiles) character file.

Game seed: 3690432912969821345

837 bigjeff5 the Insei (level 7, 0/53 HPs)
             Began as a Gnoll Transmuter on July 6, 2021.
             Was a Follower of Okawaru.
             Engulfed by a steam dragon's steam (13 damage)
             ... on level 6 of the Dungeon on July 8, 2021.
             The game lasted 03:05:23 (8175 turns).

bigjeff5 the Insei (Gnoll Transmuter)               Turns: 8175, Time: 03:05:23

Health: 0/53       AC:  2    Str: 12    XL:     7   Next: 99%
Magic:  13/15      EV: 22    Int: 12    God:    Okawaru [*.....]
Gold:   201        SH:  0    Dex: 17    Spells: 10/17 levels left

rFire    . . .     SeeInvis .     - Unarmed
rCold    . . .     Faith    +   (shield currently unavailable)
rNeg     . . .     Spirit   .   (armour currently unavailable)
rPois    x         Reflect  .   (helmet currently unavailable)
rElec    .         Harm     .   (cloak currently unavailable)
rCorr    .         Rampage  .   (gloves currently unavailable)
Will     .....                  (boots currently unavailable)
Stlth    ++........             m - amulet of faith
HPRegen  0.17/turn              d - ring of wizardry
MPRegen  0.14/turn              (no ring)

@: spider-form
A: venomous fangs, tiny, (fangs 1), strong nose, distributed training
a: End Transformation, Renounce Religion, Heroism


You were on level 6 of the Dungeon.
You worshipped Okawaru.
Okawaru was aware of your devotion.
You were a venomous arachnid creature.
You visited 2 branches of the dungeon, and saw 7 of its levels.

You collected 201 gold pieces.

Inventory:

Hand Weapons
 e - a +0 shortbow
 h - a +0 flail
 i - a +0 spear
 k - a +0 hunting sling
 w - a +0 trident
 H - a +0 falchion
 I - a +0 trident
Missiles
 c - 43 arrows
 j - 82 stones
 s - 48 bolts
 y - 34 poisoned darts
 G - 7 boomerangs
 K - 19 sling bullets
Armour
 b - a +0 cloak (melded)
 r - a +0 buckler
 t - a +1 leather armour
 x - a +0 ring mail (melded)
 F - a +0 chain mail
 L - a +0 pair of gloves (melded)
 N - a +0 scale mail
Jewellery
 a - a ring of protection from fire
 d - a ring of wizardry (left front leg)
 m - an amulet of faith (around neck)
Wands
 E - a wand of digging (2)
Scrolls
 f - a scroll of enchant armour
 g - a scroll of holy word
 l - 2 scrolls of fear
 u - a scroll of summoning {unknown}
 B - a scroll of enchant weapon {unknown}
Potions
 n - 2 potions of magic
 o - a potion of might
 p - a potion of resistance {unknown}
 v - a potion of haste
 z - a potion of flight
 A - a potion of lignification
 C - a potion of cancellation {unknown}
 D - 2 potions of heal wounds {unknown}


   Skills:
 + Level 3.9 Fighting
 + Level 2.8 Short Blades
 + Level 2.8 Long Blades
 + Level 2.8 Axes
 + Level 2.8 Maces & Flails
 + Level 2.8 Polearms
 + Level 2.8 Staves
 + Level 2.8 Slings
 + Level 2.8 Bows
 + Level 2.8 Crossbows
 + Level 2.8 Throwing
 + Level 2.8 Armour
 + Level 5.4 Dodging
 + Level 2.8 Stealth
 + Level 2.8 Shields
 + Level 7.2 Unarmed Combat
 + Level 5.8 Spellcasting
 + Level 2.3 Conjurations
 + Level 2.3 Hexes
 + Level 2.3 Summonings
 + Level 2.3 Necromancy
 + Level 2.3 Translocations
 + Level 4.5 Transmutations
 + Level 2.3 Fire Magic
 + Level 2.3 Ice Magic
 + Level 2.3 Air Magic
 + Level 2.3 Earth Magic
 + Level 2.3 Poison Magic
 + Level 3.1 Invocations
 + Level 2.8 Evocations


You had 10 spell levels left.
You knew the following spells:

 Your Spells              Type           Power      Damage    Failure   Level
a - Beastly Appendage     Tmut           28%        N/A       4%          1
b - Wereblood             Tmut           14%        N/A       5%          2
c - Apportation           Tloc           18%        N/A       8%          1
d - Spider Form           Tmut/Pois      5%         N/A       13%         3

Your spell library contained the following spells:

 Spells                   Type           Power      Damage    Failure   Level
 Animate Skeleton         Necr           18%        N/A       8%          1
 Corona                   Hex            10%        N/A       8%          1
 Summon Small Mammal      Summ           36%        N/A       8%          1
 Ice Form                 Ice/Tmut       11%        N/A       32%         4
 Fireball                 Conj/Fire      4%         3d4       73%         5
 Starburst                Conj/Fire      4%         8x6d4     99%         6
 Ignition                 Fire           4%         3d4       100%        8


Dungeon Overview and Level Annotations

Branches:
Dungeon (6/15)             Temple (1/1) D:4

Altars:
Ashenzari
Cheibriados
Elyvilon
Fedhas
Gozag
Hepliaklqana
Kikubaaqudgha
Makhleb
Nemelex Xobeh
Okawaru
Sif Muna
Trog
Uskayaw
Vehumet
Wu Jian
Xom
Yredelemnul
Zin
The Shining One

Shops:
D:4 [   D:5 :[

Annotations:
D:5 Sigmund


Innate Abilities, Weirdness & Mutations

You are a venomous arachnid creature.
You have poisonous fangs.
You are tiny and dextrous.
Your spellcasting is less reliable in this form.
Your armour is entirely melded.
You are incapable of wielding weapons or throwing items.
((You have very sharp teeth.))
Your uncanny sense of smell can sniff out nearby items.
Your experience applies equally to all skills.


Message History

The adder bites you but does no damage.
You barely miss the adder.
The adder is heavily wounded.
The adder closely misses you.
You hit the adder. You punch the adder, but do no damage.
The adder is almost dead.
The adder bites you but does no damage. The adder closely misses you.
You barely miss the adder. Your bite misses the adder.
The adder is almost dead.
The adder bites you but does no damage.
You closely miss the adder. You bite the adder, but do no damage.
The adder is almost dead.
The adder bites you but does no damage.
You closely miss the adder.
The adder is almost dead.
The adder bites you but does no damage.
You hit the adder.
You kill the adder!
Okawaru accepts your kill.
HP restored.
A steam dragon comes into view.
Press: ? - help, v - describe, . - travel The floor.
You see here a +0 hand axe.
Casting: Spider Form (dangerous; 12% risk of failure)
Press: ? - help, Q - select action, (/) - cycle Dir - look around, f - activate You turn into a venomous arachnid creature.
Your +0 cloak melds into your body.
Your +0 pair of gloves melds into your body.
Your +0 ring mail melds into your body.
You bite the steam dragon!
The steam dragon is poisoned.
The steam dragon is moderately wounded.
The steam dragon breathes steam at you. The ball of steam hits you!!
You are engulfed in a cloud of scalding steam.
The steam dragon breathes steam at you. The ball of steam hits you!
* * * LOW HITPOINT WARNING * * *
You are engulfed in a cloud of scalding steam.
You die...

#..## #...# ##..#
########..######
###...............
##.............####
#........D.....# .
#......§.....># ..
##...§s§.....## ...
##..§§§.....#
....####..#§§§....##
.........###.....##
.........# ###..##
.........## ####
.......>..##
........#..##
.......###..##


You could see a steam dragon (very poisoned, catching breath).

Vanquished Creatures
  An ice beast (D:5)
  2 ogres
  A centaur (D:5)
  A scorpion (D:5)
  A water moccasin skeleton (D:5)
  A howler monkey (D:5)
  3 iguanas
  An orc wizard (D:5)
  A hound skeleton (D:4)
  4 gnolls (D:5)
  A howler monkey skeleton (D:4)
  7 adders
  A white imp (D:5)
  An ufetubus (D:5)
  A worm (D:4)
  An adder skeleton (D:4)
  4 dart slugs
  9 orcs
  7 endoplasms
  3 giant cockroaches
  7 hobgoblins
  13 jackals
  5 quokkas
  10 ball pythons
  9 bats
  6 frilled lizards
  3 goblins
  6 kobolds
  2 rats
112 creatures vanquished.

Vanquished Creatures (others)
  4 plants (D:2)
4 creatures vanquished.

Grand Total: 116 creatures vanquished

Notes
Turn   | Place    | Note
-------+----------+-------------------------------------------
     0 | D:1      | bigjeff5 the Gnoll Transmuter began the quest for the Orb.
     0 | D:1      | Reached XP level 1. HP: 17/17 MP: 6/6
   238 | D:1      | Reached XP level 2. HP: 23/23 MP: 5/7
   319 | D:1      | Learned a level 2 spell: Wereblood
   893 | D:1      | Reached XP level 3. HP: 28/28 MP: 7/9
  1302 | D:2      | Reached skill level 5 in Spellcasting
  1397 | D:2      | Found a blossoming altar of Fedhas.
  1605 | D:2      | Reached skill level 1 in Invocations
  1924 | D:2      | Found a faded altar of an unknown god.
  2326 | D:3      | Reached skill level 1 in Short Blades
  2326 | D:3      | Reached skill level 1 in Long Blades
  2326 | D:3      | Reached skill level 1 in Axes
  2326 | D:3      | Reached skill level 1 in Maces & Flails
  2326 | D:3      | Reached skill level 1 in Polearms
  2326 | D:3      | Reached skill level 1 in Staves
  2326 | D:3      | Reached skill level 1 in Slings
  2326 | D:3      | Reached skill level 1 in Bows
  2326 | D:3      | Reached skill level 1 in Crossbows
  2326 | D:3      | Reached skill level 1 in Throwing
  2326 | D:3      | Reached skill level 1 in Armour
  2326 | D:3      | Reached skill level 1 in Stealth
  2326 | D:3      | Reached skill level 1 in Shields
  2326 | D:3      | Reached skill level 1 in Evocations
  2347 | D:3      | Reached XP level 4. HP: 34/34 MP: 6/11
  2955 | D:3      | Reached skill level 1 in Conjurations
  2955 | D:3      | Reached skill level 1 in Hexes
  2955 | D:3      | Reached skill level 1 in Summonings
  2955 | D:3      | Reached skill level 1 in Necromancy
  2955 | D:3      | Reached skill level 1 in Translocations
  2955 | D:3      | Reached skill level 1 in Fire Magic
  2955 | D:3      | Reached skill level 1 in Ice Magic
  2955 | D:3      | Reached skill level 1 in Air Magic
  2955 | D:3      | Reached skill level 1 in Earth Magic
  2955 | D:3      | Reached skill level 1 in Poison Magic
  3387 | D:4      | Noticed an ogre
  3389 | D:4      | Upgraded the game from 0.27-a0-1456-gf5a116941d to
                  | 0.27-a0-1500-g450c7e4133
  3534 | D:4      | Found Niff's Armour Emporium.
  3839 | D:2      | Learned a level 1 spell: Apportation
  4024 | D:4      | Found a hide-covered altar of Uskayaw.
  4670 | D:4      | Reached XP level 5. HP: 38/40 MP: 12/12
  4859 | D:4      | Found a staircase to the Ecumenical Temple.
  4873 | Temple   | Entered the Ecumenical Temple
  4919 | Temple   | Became a worshipper of Warmaster Okawaru
  5436 | D:4      | Killed an ogre
  5437 | D:4      | Reached XP level 6. HP: 23/47 MP: 11/13
  5609 | D:5      | Entered Level 5 of the Dungeon
  5672 | D:5      | Reached skill level 5 in Dodging
  5884 | D:5      | Noticed an ice beast
  5915 | D:5      | Killed an ice beast
  6143 | D:5      | Found an opulent altar of Gozag.
  6144 | D:5      | Found Oji Dely's Antique Armour Emporium.
  6238 | D:5      | Reached XP level 7. HP: 29/52 MP: 15/15
  6613 | D:5      | Reached * piety under Okawaru
  6614 | D:5      | Reached skill level 7 in Unarmed Combat
  6774 | D:5      | Found a burning altar of Makhleb.
  6774 | D:5      | Noticed a balrug
  7307 | D:5      | Found Ynir's Book Emporium.
  7600 | D:5      | Noticed Sigmund
  8045 | D:6      | Learned a level 3 spell: Spider Form
  8141 | D:6      | Noticed a steam dragon
  8175 | D:6      | Engulfed by a steam dragon's steam

Illustrated notes

Levels and vault maps discovered:
D:1:      lemuel_arrival_funnel, layout_loops_ring, minmay_pentomino_z2
D:2:      layout_basic, dilly_ecumenical_altar_fadedgnrine, basic_altar
D:3:      layout_basic
D:4:      minmay_inner_zag, layout_basic, overflow_temple_1_default,
          minmay_temple_entry_fiery, serial_shops, shop
D:5:      layout_basic, makhleb_altar_promises_db,
          mainiacjoe_overflow_boulevard, serial_shops, nicolae_shop_waterfront,
          corexii_leaking_fountain, nicolae_inconvenience_store,
          chequers_garden, kennysheep_another_room, uniq_sigmund
D:6:      layout_cave_pods
Temple:   lightli_temple_of_artemis

Skill      XL: |  1  2  3  4  5  6  7 |
---------------+----------------------+-----
Spellcasting   | 5 |  5.8
Invocations    | 1 2 3 |  3.1
Short Blades   | 1 2 |  2.8
Long Blades    | 1 2 |  2.8
Axes           | 1 2 |  2.8
Maces & Flails | 1 2 |  2.8
Polearms       | 1 2 |  2.8
Staves         | 1 2 |  2.8
Slings         | 1 2 |  2.8
Bows           | 1 2 |  2.8
Crossbows      | 1 2 |  2.8
Throwing       | 1 2 |  2.8
Armour         | 1 2 |  2.8
Stealth        | 1 2 |  2.8
Shields        | 1 2 |  2.8
Evocations     | 1 2 |  2.8
Conjurations   | 1 2 |  2.3
Hexes          | 1 2 |  2.3
Summonings     | 1 2 |  2.3
Necromancy     | 1 2 |  2.3
Translocations | 1 2 |  2.3
Fire Magic     | 1 2 |  2.3
Ice Magic      | 1 2 |  2.3
Air Magic      | 1 2 |  2.3
Earth Magic    | 1 2 |  2.3
Poison Magic   | 1 2 |  2.3
Fighting       | 3 |  3.9
Transmutations | 4 |  4.5
Dodging        | 5 |  5.4
Unarmed Combat | 7 |  7.2

Action                   |  1- 3 |  4- 6 |  7- 9 || total
-------------------------+-------+-------+-------++-------
Melee: Unarmed           |   109 |   164 |    75 ||   348
       Kick              |     8 |    23 |     6 ||    37
       Bite              |    10 |    12 |     8 ||    30
       Headbutt          |     3 |    15 |     6 ||    24
       Short sword       |    10 |       |       ||    10
       Punch             |     1 |     3 |     2 ||     6
       Dagger            |     1 |       |       ||     1
Throw: Boomerang         |       |    14 |    26 ||    40
 Cast: Beastly Appendage |    32 |    24 |    10 ||    66
       Wereblood         |    10 |     2 |       ||    12
       Spider Form       |       |       |     3 ||     3
  Use: Potion            |     2 |       |       ||     2
       Scroll            |     3 |     4 |       ||     7
 Stab: Sleeping          |     3 |       |       ||     3
Armor: Robe              |    13 |       |       ||    13
       Leather armour    |     2 |     5 |       ||     7
       Ring mail         |       |    44 |    24 ||    68
Dodge: Dodged            |    62 |    89 |    37 ||   188
Block: Buckler           |     1 |    12 |     6 ||    19

Table legend: (Time is in decaauts)
 A = Elapsed time spent in this place.
 B = Non-inter-level travel time spent in this place.
 C = Inter-level travel time spent in this place.
 D = Time resting spent in this place.
 E = Time spent auto-exploring this place.
 F = Levels seen in this place.
 G = Mean time per level.
                   A        B        C        D        E       F      G
               +--------+--------+--------+--------+--------+-----+--------+
         Total |   8154 |   8101 |     53 |   1627 |   2962 |   7 | 1164.9 |
       Dungeon |   8023 |   7970 |     53 |   1627 |   2962 |   6 | 1337.2 |
        Temple |    130 |    130 |      0 |      0 |      0 |   1 |  130.0 |
               +--------+--------+--------+--------+--------+-----+--------+

Top non-repeatable levels by time:
     D:4: 2003 daAuts
     D:5: 1771 daAuts
     D:3: 1584 daAuts
     D:1: 1291 daAuts
     D:2: 1217 daAuts
     D:6: 155 daAuts
  Temple: 130 daAuts
